[Event "Titled Tuesday Blitz May 23 Late 2023"]
[White "Vifleemskaia, Svetlana"]
[Black "Miszler, Levente"]
[WhiteFideId "4129490"]
[BlackFideId "763276"]
[WhiteElo "1930"]
[BlackElo "2176"]
[Result "1-0"]
[Round "03"]
[TimeControl "180+2"]
[Date "2023.05.23"]
[WhiteClock "0:00:31"]
[BlackClock "0:00:22"]

1. d4 Nf6 2. c4 c5 3. d5 e6 4. Nc3 exd5 5. cxd5 d6 6. e4 g6 7. Bb5+ Bd7 8. a4 Bg7 9. Nf3 O-O 10. O-O a6 11. Bd3 Re8 12. h3 b6 13. Bf4 Bc8 14. Re1 Ra7 15. Bc4 Rae7 16. Qd3 Nbd7 17. e5 Nxe5 18. Bxe5 dxe5 19. d6 Rd7 20. Nxe5 Rxd6 21. Nxf7 Rxd3 22. Nxd8+ Kf8 23. Rxe8+ Kxe8 24. Bxd3 Kxd8 25. Rd1 Kc7 26. b3 Be6 27. Bxa6 Bf8 28. Bc4 Bd7 29. Nb5+ Kc8 30. g4 Bc6 31. f4 Ne4 32. Na7+ Kc7 33. Nxc6 Kxc6 34. Rd8 Be7 35. Rh8 Nf6 36. g5 Nh5 37. Rxh7 Bd6 38. f5 Nf4 39. fxg6 Nxg6 40. Rh6 Nf4 41. g6 Kd7 42. g7 1-0


[Site "https://www.chess.com"]

[Event "Titled Tuesday Blitz May 23 Late 2023"]
[White "ThaBarWa"]
[Black "Sokolov, Andrei"]
[BlackFideId "11600306"]
[WhiteElo "2300"]
[BlackElo "2473"]
[Result "1-0"]
[Round "03"]
[TimeControl "180+2"]
[Date "2023.05.23"]
[WhiteClock "0:00:59"]
[BlackClock "0:00:02"]

1. d4 d5 2. c4 c6 3. Nf3 Nf6 4. Nc3 e6 5. e3 Bd6 6. Qc2 Nbd7 7. b3 O-O 8. Bb2 b6 9. Be2 Bb7 10. O-O dxc4 11. bxc4 c5 12. d5 exd5 13. cxd5 Qe7 14. Rad1 Ne5 15. Nb5 Nxf3+ 16. Bxf3 Ba6 17. Nxd6 Qxd6 18. Rfe1 Nd7 19. Qf5 c4 20. e4 f6 21. Be2 Rac8 22. Bc3 Bb7 23. f4 Rfe8 24. Bg4 b5 25. Qxd7 Qc5+ 26. Bd4 Qb6 27. Bxb6 axb6 28. Be6+ Kh8 29. e5 c3 30. Qxb7 fxe5 31. Qxc8 c2 32. Qxe8# 1-0


[Site "https://www.chess.com"]

[Event "Titled Tuesday Blitz May 23 Late 2023"]
[White "Zampronha, Wladimir Camilo"]
[Black "Hajiyev, Kanan"]
[WhiteFideId "2103087"]
[BlackFideId "13404148"]
[WhiteElo "2176"]
[BlackElo "2103"]
[Result "1-0"]
[Round "03"]
[TimeControl "180+2"]
[Date "2023.05.23"]
[WhiteClock "0:00:33"]
[BlackClock "0:00:00"]

1. e4 c6 2. d4 d5 3. e5 a6 4. Nf3 Bg4 5. c4 e6 6. Nc3 dxc4 7. Bxc4 Bxf3 8. gxf3 Ne7 9. Be3 Nf5 10. Qd2 Nd7 11. O-O-O Qa5 12. Kb1 Bb4 13. Bd3 Ne7 14. Rhg1 Nd5 15. Rc1 g6 16. Qc2 N7b6 17. Ne4 O-O-O 18. Rgd1 Qa4 19. Ng5 Qxc2+ 20. Rxc2 Rd7 21. Ne4 Be7 22. Bg5 Nb4 23. Bxe7 Nxc2 24. Bf6 Rg8 25. Bxc2 Nd5 26. Bb3 Nf4 27. Bg5 Nd5 28. Bxd5 Rxd5 29. Nf6 Rgd8 30. Nxd5 Rxd5 31. Be3 h5 32. Rc1 Kd7 33. Kc2 Kc7 34. Kd3 Kb6 35. Ke4 Rd7 36. Kf4 Kc7 37. Kg5 Kd8 38. Kf6 Ke8 39. b4 Rd5 40. a4 a5 41. Rb1 axb4 42. Rxb4 b5 43. a5 Rd7 44. Rb1 Ra7 45. Ra1 h4 46. h3 Ra6 47. Kg5 Ke7 48. Kxh4 b4 49. Bd2 b3 50. Rb1 c5 51. dxc5 Kd7 52. Rxb3 Kc6 53. Rb6+ Rxb6 54. cxb6 Kb7 55. Kg5 1-0


[Site "https://www.chess.com"]

[Event "Titled Tuesday Blitz May 23 Late 2023"]
[White "Rodriguez Polo, Mateo"]
[Black "Cruz Mendez, Jean Marco"]
[WhiteFideId "24509396"]
[BlackFideId "3526402"]
[WhiteElo "2117"]
[BlackElo "2064"]
[Result "0-1"]
[Round "03"]
[TimeControl "180+2"]
[Date "2023.05.23"]
[WhiteClock "0:00:12"]
[BlackClock "0:00:13"]

1. Nf3 Nf6 2. c4 g6 3. b3 Bg7 4. Bb2 O-O 5. g3 c5 6. Bg2 d6 7. O-O e5 8. Nc3 Nc6 9. d3 Rb8 10. Nd2 Ne8 11. Nd5 Be6 12. a3 Qd7 13. b4 b6 14. b5 Ne7 15. Nxe7+ Qxe7 16. a4 Nc7 17. a5 d5 18. axb6 axb6 19. Qc2 Ra8 20. Rxa8 Rxa8 21. Ra1 Rxa1+ 22. Bxa1 Qd6 23. Bc3 h6 24. h3 f5 25. Qa4 Kh7 26. Qa7 dxc4 27. dxc4 e4 28. Bxg7 Kxg7 29. e3 h5 30. Bf1 Kh6 31. Nb1 Qd1 32. Kg2 Qf3+ 33. Kh2 Qxf2+ 34. Kh1 Qxf1+ 35. Kh2 Qf2+ 36. Kh1 Qf3+ 37. Kh2 h4 38. gxh4 f4 39. Qxc7 Qxh3+ 40. Kg1 Qxe3+ 41. Kh2 Bg4 42. Nd2 Qg3+ 43. Kh1 Qe1+ 44. Kg2 Qxd2+ 45. Kf1 Qe2+ 46. Kg1 Qe3+ 47. Kf1 Bh3# 0-1


[Site "https://www.chess.com"]

[Event "Titled Tuesday Blitz May 23 Late 2023"]
[White "Della Corte, Alessandro"]
[Black "Kim, Sergey"]
[WhiteFideId "813540"]
[BlackFideId "13700570"]
[WhiteElo "2205"]
[BlackElo "2480"]
[Result "0-1"]
[Round "03"]
[TimeControl "180+2"]
[Date "2023.05.23"]
[WhiteClock "0:00:47"]
[BlackClock "0:01:47"]

1. d4 Nf6 2. c4 g6 3. Nc3 Bg7 4. e4 d6 5. Nf3 O-O 6. Be2 e5 7. O-O exd4 8. Nxd4 Re8 9. f3 Nbd7 10. Be3 c6 11. Qd2 a5 12. Rad1 a4 13. Rfe1 Qa5 14. Bf1 Nc5 15. Bf2 Nfd7 16. Kh1 Ne5 17. h3 h6 18. f4 Ned7 19. g4 Nf8 20. Bg2 Qb4 21. Qe2 a3 22. e5 axb2 23. Ne4 Nxe4 24. Bxe4 dxe5 25. Nc2 Qa5 26. f5 g5 27. Rb1 Nd7 28. Rxb2 Nc5 29. Bxc5 Qxc5 30. Ne3 Qd4 31. Rf1 Qxe4+ 0-1


[Site "https://www.chess.com"]

[Event "Titled Tuesday Blitz May 23 Late 2023"]
[White "Blitz"]
[Black "Luxama, Jacques Muller"]
[BlackFideId "11900113"]
[WhiteElo "2474"]
[BlackElo "1931"]
[Result "0-1"]
[Round "03"]
[TimeControl "180+2"]
[Date "2023.05.23"]
[WhiteClock "0:00:14"]
[BlackClock "0:01:17"]

1. d4 Nf6 2. Nc3 d5 3. Bf4 a6 4. e3 e6 5. Nf3 c5 6. Ne5 Nc6 7. Qf3 Bd7 8. Nxd7 Qxd7 9. dxc5 Bxc5 10. O-O-O Qe7 11. g4 Rc8 12. Kb1 Bb4 13. e4 Bxc3 14. Qxc3 O-O 15. Qe3 Nxe4 16. Bd3 Nc5 17. Be2 e5 18. Bg3 d4 19. Qf3 e4 20. Qf5 g6 21. Qf4 d3 22. cxd3 exd3 23. Bxd3 Nxd3 24. Rxd3 Nb4 25. Rd6 Qe2 26. Qxb4 Qc2+ 27. Ka1 Qc1+ 28. Rxc1 Rxc1# 0-1


[Site "https://www.chess.com"]

[Event "Titled Tuesday Blitz May 23 Late 2023"]
[White "Le Goff, Ronan"]
[Black "De Souza, Cristiano Gomes"]
[WhiteFideId "612073"]
[BlackFideId "2151758"]
[WhiteElo "2275"]
[BlackElo "2068"]
[Result "1-0"]
[Round "03"]
[TimeControl "180+2"]
[Date "2023.05.23"]
[WhiteClock "0:02:16"]
[BlackClock "0:01:59"]

1. d4 Nf6 2. Nf3 g6 3. c4 Bg7 4. Nc3 d6 5. e4 O-O 6. Be2 e5 7. h3 Nc6 8. d5 Ne7 9. Be3 Nh5 10. Qd2 f5 11. exf5 Nxf5 12. Bg5 Bf6 13. g4 Bxg5 14. Qxg5 Nd4 15. Qxd8 Rxd8 16. gxh5 Nc2+ 17. Kd2 Nxa1 18. hxg6 Nb3+ 19. axb3 hxg6 20. Bd3 Bf5 21. Rg1 Bxd3 22. Kxd3 Kf7 23. Ng5+ Kf6 24. Nce4+ Kf5 25. Ne6 Rh8 26. Rg5# 1-0


[Site "https://www.chess.com"]

[Event "Titled Tuesday Blitz May 23 Late 2023"]
[White "Chakravarthi Reddy, M"]
[Black "Przybylski, Wojciech"]
[WhiteFideId "25009532"]
[BlackFideId "1117599"]
[WhiteElo "2201"]
[BlackElo "2222"]
[Result "0-1"]
[Round "03"]
[TimeControl "180+2"]
[Date "2023.05.23"]
[WhiteClock "0:00:00"]
[BlackClock "0:00:16"]

1. e4 c5 2. Nf3 e6 3. d4 cxd4 4. Nxd4 Nc6 5. Nc3 Qc7 6. Be2 a6 7. Nxc6 dxc6 8. O-O e5 9. f4 Bc5+ 10. Kh1 Nf6 11. fxe5 Qxe5 12. Bf4 Qe6 13. Na4 Ba7 14. Bd6 Nxe4 15. Ba3 b5 16. Nc3 Nf2+ 17. Rxf2 Bxf2 18. Bf3 Bh4 19. Qd4 Be7 20. Qxg7 Bf6 21. Qg3 Be5 22. Bxc6+ Bd7 23. Bxd7+ Kxd7 24. Rd1+ Kc8 25. Qf3 Ra7 26. Nd5 Kb8 27. c4 bxc4 28. Qe2 Rc8 29. b3 c3 30. Ne7 c2 31. Re1 Rxe7 32. Bxe7 Qxe7 33. Qxa6 Qb7 0-1


[Site "https://www.chess.com"]

[Event "Titled Tuesday Blitz May 23 Late 2023"]
[White "Thiel, Thomas"]
[Black "Srdanovic, Jovana"]
[WhiteFideId "4615964"]
[BlackFideId "954810"]
[WhiteElo "2224"]
[BlackElo "2169"]
[Result "0-1"]
[Round "03"]
[TimeControl "180+2"]
[Date "2023.05.23"]
[WhiteClock "0:00:00"]
[BlackClock "0:00:17"]

1. e4 e5 2. Nf3 Nc6 3. d4 exd4 4. Nxd4 Nf6 5. Nxc6 bxc6 6. e5 Qe7 7. Qe2 Nd5 8. h4 Qe6 9. g3 d6 10. Bh3 Qxe5 11. Qxe5+ dxe5 12. Bxc8 Rxc8 13. O-O Rb8 14. Re1 f6 15. a3 Kf7 16. c4 Nb6 17. b3 a5 18. a4 Bb4 19. Bd2 c5 20. Bxb4 cxb4 21. Nd2 Rbd8 22. Ne4 Rd4 23. Nc5 Nd7 24. Nb7 Ra8 25. Rad1 Rxd1 26. Rxd1 Ke7 27. Rd5 c6 28. Rxa5 Rxa5 29. Nxa5 Kd6 30. Kg2 Kc7 31. c5 Nxc5 32. h5 Ne6 33. Nc4 Nd4 34. Nd2 Kb6 35. g4 h6 36. Kg3 Kc5 0-1


[Site "https://www.chess.com"]

[Event "Titled Tuesday Blitz May 23 Late 2023"]
[White "Clawitter, Craig"]
[Black "Stork, Oliver"]
[WhiteFideId "2023105"]
[BlackFideId "12955728"]
[WhiteElo "2221"]
[BlackElo "2239"]
[Result "1-0"]
[Round "03"]
[TimeControl "180+2"]
[Date "2023.05.23"]
[WhiteClock "0:00:09"]
[BlackClock "0:00:23"]

1. e4 c6 2. d4 d5 3. e5 c5 4. dxc5 Nc6 5. Nf3 Bg4 6. c3 e6 7. Bb5 Ne7 8. Nbd2 a6 9. Bxc6+ Nxc6 10. Qa4 Bxf3 11. Nxf3 Bxc5 12. O-O O-O 13. Qg4 Re8 14. Qh5 Bf8 15. Ng5 h6 16. Qxf7+ Kh8 17. Nxe6 Qe7 18. Qxe7 Rxe7 19. Nf4 Nxe5 20. Be3 Rd8 21. Bd4 Kh7 22. Rfe1 Nc6 23. Ne6 Rde8 24. Nxf8+ Rxf8 25. Rxe7 Nxe7 26. Bc5 Rf7 27. Rd1 Kg6 28. g3 Nc6 29. Rxd5 Rf6 30. f4 Rf5 31. Rxf5 Kxf5 32. Kg2 g6 33. Kf3 h5 34. h3 Ke6 35. g4 hxg4+ 36. hxg4 Kd5 37. Bb6 Kc4 38. Ke4 a5 39. f5 gxf5+ 40. gxf5 Nd8 41. Bxd8 1-0


[Site "https://www.chess.com"]

[Event "Titled Tuesday Blitz May 23 Late 2023"]
[White "Parizek, Vojtech"]
[Black "Yeritsyan, Hayk"]
[WhiteFideId "360996"]
[BlackFideId "13307320"]
[WhiteElo "2115"]
[BlackElo "2444"]
[Result "0-1"]
[Round "03"]
[TimeControl "180+2"]
[Date "2023.05.23"]
[WhiteClock "0:00:05"]
[BlackClock "0:00:43"]

1. e4 c6 2. d4 d5 3. exd5 cxd5 4. c4 Nf6 5. Nc3 Nc6 6. Nf3 a6 7. cxd5 Nxd5 8. Bd3 Bg4 9. Be4 e6 10. Be3 Be7 11. O-O O-O 12. a3 Bf6 13. Qd3 g6 14. Rad1 Nce7 15. h3 Bf5 16. Ne5 Bxe4 17. Nxe4 Bg7 18. Qb3 Qb6 19. Qxb6 Nxb6 20. Rc1 Nbd5 21. Nd6 b5 22. Rc5 Rad8 23. Nb7 Rb8 24. Nd6 Rb6 25. Ne4 h6 26. Nd7 Rbb8 27. Rfc1 Rfd8 28. Nxb8 Rxb8 29. Nd6 Bf8 30. Nc8 Nf5 31. Rc6 Nfxe3 32. fxe3 Nxe3 33. Rxa6 b4 34. axb4 Rxb4 35. Ra2 Rxd4 36. Nb6 Rb4 37. Na4 Nd5 38. Nc3 Nf4 39. Ra8 Kg7 40. Rc2 Be7 41. Nd1 Bf6 42. Kh1 Rd4 43. Ra1 Rb4 44. Rb1 h5 45. b3 Nd3 46. Rc4 Rb5 47. b4 Be7 48. Nc3 Rxb4 49. Rcxb4 Bxb4 50. Rd1 Nf2+ 51. Kh2 Nxd1 0-1


[Site "https://www.chess.com"]

[Event "Titled Tuesday Blitz May 23 Late 2023"]
[White "Rodriguez, Santiago"]
[Black "Liu, Kelsey"]
[WhiteFideId "3000591"]
[BlackFideId "30944481"]
[WhiteElo "2249"]
[BlackElo "2214"]
[Result "1-0"]
[Round "03"]
[TimeControl "180+2"]
[Date "2023.05.23"]
[WhiteClock "0:01:19"]
[BlackClock "0:01:19"]

1. d4 Nf6 2. Bg5 c5 3. d5 Qb6 4. Nc3 h6 5. Bd2 e6 6. e4 exd5 7. e5 Ne4 8. Nxd5 Qd8 9. Nf3 Nc6 10. Bc4 d6 11. Qe2 Nxd2 12. exd6+ Be6 13. Nc7+ Kd7 14. Bxe6+ Kxd6 15. Nb5+ Ke7 16. Bb3+ Kf6 17. Nxd2 Bd6 18. Ne4+ Kg6 19. Qg4+ 1-0


[Site "https://www.chess.com"]

[Event "Titled Tuesday Blitz May 23 Late 2023"]
[White "Vega Gutierrez, Sabrina"]
[Black "Arias Igual, Alejandro"]
[WhiteFideId "2219026"]
[BlackFideId "2254905"]
[WhiteElo "2209"]
[BlackElo "2179"]
[Result "1-0"]
[Round "03"]
[TimeControl "180+2"]
[Date "2023.05.23"]
[WhiteClock "0:00:06"]
[BlackClock "0:00:17"]

1. e4 c5 2. Nf3 g6 3. d4 cxd4 4. Nxd4 Nc6 5. c4 Nf6 6. Nc3 d6 7. Be2 Nxd4 8. Qxd4 Bg7 9. O-O O-O 10. Qd3 Bd7 11. Be3 Bc6 12. b4 b6 13. Rac1 Nd7 14. Bd4 Rc8 15. Bxg7 Kxg7 16. f4 Qc7 17. Bg4 e5 18. Bxd7 Qxd7 19. b5 Bb7 20. fxe5 Qc7 21. exd6 Qxc4 22. Qe3 Qc5 23. Qxc5 Rxc5 24. Rfd1 Kf6 25. Nd5+ Bxd5 26. Rxc5 bxc5 27. Rxd5 Ke6 28. Kf2 Rd8 29. Ke3 Rxd6 30. Rxd6+ Kxd6 31. Kd3 Kc7 32. Kc4 Kb6 33. e5 h6 34. h4 h5 35. g3 Kb7 36. Kxc5 Kc7 37. a4 1-0


[Site "https://www.chess.com"]

[Event "Titled Tuesday Blitz May 23 Late 2023"]
[White "Ward, Ieuan C"]
[Black "Perez, Maximiliano"]
[WhiteFideId "406627"]
[BlackFideId "117234"]
[WhiteElo "2209"]
[BlackElo "2344"]
[Result "0-1"]
[Round "03"]
[TimeControl "180+2"]
[Date "2023.05.23"]
[WhiteClock "0:00:22"]
[BlackClock "0:01:04"]

1. d4 Nf6 2. c4 g6 3. Nc3 Bg7 4. Nf3 O-O 5. g3 d6 6. Bg2 Nbd7 7. O-O e5 8. dxe5 dxe5 9. h3 c6 10. Be3 Qe7 11. Qd2 Re8 12. Rad1 Nf8 13. Qd6 Qxd6 14. Rxd6 Bf5 15. b3 N8d7 16. g4 Be6 17. Ng5 Bf8 18. Rdd1 Bc5 19. Nxe6 Rxe6 20. Bg5 Bb4 21. Na4 Rae8 22. Nb2 e4 23. Bf4 Nc5 24. Bg5 Ba3 25. Rb1 Kg7 26. Nd1 Bb4 27. Be3 a5 28. Ra1 Ncd7 29. a3 Bc5 30. Bxc5 Nxc5 31. b4 axb4 32. axb4 Nb3 33. Ra7 R6e7 34. Ne3 Nd4 35. Re1 h6 36. Kf1 b5 37. Rc1 Rxa7 0-1


[Site "https://www.chess.com"]

[Event "Titled Tuesday Blitz May 23 Late 2023"]
[White "Kovacevic, Radmila"]
[Black "Grossboss19"]
[WhiteFideId "933171"]
[WhiteElo "2194"]
[BlackElo "2399"]
[Result "0-1"]
[Round "03"]
[TimeControl "180+2"]
[Date "2023.05.23"]
[WhiteClock "0:00:00"]
[BlackClock "0:00:02"]

1. e4 d6 2. d4 Nf6 3. Nc3 c6 4. f4 Na6 5. a3 Bg4 6. Nf3 g6 7. h3 Bxf3 8. Qxf3 Bg7 9. g4 Qc7 10. e5 Nd7 11. Be3 dxe5 12. fxe5 e6 13. Ne4 Bf8 14. Bg5 Be7 15. Bxe7 Kxe7 16. Bxa6 bxa6 17. Qg3 h6 18. Qh4+ g5 19. Qf2 Raf8 20. Qd2 Rb8 21. b4 f6 22. exf6+ Nxf6 23. Nxf6 Qg3+ 24. Kd1 Qf3+ 25. Kc1 Qxh1+ 26. Kb2 Qf3 27. Nh5 Rhd8 28. Re1 Rd6 29. Re3 Qd5 30. Ng3 Kd7 31. c3 c5 32. Ne4 cxd4 33. Nf6+ Kd8 34. Nxd5 dxe3 35. Qxe3 exd5 36. Qxa7 Rc8 37. Qg7 Rc7 38. Qf8+ Kd7 39. Qf5+ Kc6 40. c4 dxc4 41. Qc5+ Kd7 42. Qf5+ Re6 43. Kc3 Ke7 44. Qh7+ Kd6 45. Qg8 Re3+ 46. Kc2 c3 47. Qd8+ Kc6 48. Qa8+ Kd7 49. Qd5+ Ke7 50. Qg2 Re6 51. Qf1 Rf6 52. Qe2+ Kf7 53. Qe3 Kg7 54. Qd4 Kf7 55. Qd5+ Re6 56. Qf5+ Ke7 57. Qf1 Re5 58. Qf2 Ke6 59. Qf1 Kd7 60. Qxa6 Rd5 61. Qf1 Rd2+ 62. Kc1 Rd6 63. Qf5+ Kc6 64. b5+ Kb6 65. a4 c2 66. Qf2+ Kb7 67. Qg2+ Kb8 0-1


[Site "https://www.chess.com"]

[Event "Titled Tuesday Blitz May 23 Late 2023"]
[White "Qiao, Cindy"]
[Black "Chlpik, Martin"]
[WhiteFideId "2620243"]
[BlackFideId "14923351"]
[WhiteElo "1777"]
[BlackElo "2109"]
[Result "1-0"]
[Round "03"]
[TimeControl "180+2"]
[Date "2023.05.23"]
[WhiteClock "0:00:36"]
[BlackClock "0:00:00"]

1. d4 d5 2. Bf4 c5 3. e3 Nc6 4. Nf3 Qb6 5. Nbd2 cxd4 6. exd4 Bg4 7. Nb3 a5 8. a4 e6 9. Bb5 Nf6 10. O-O Be7 11. c3 O-O 12. Nbd2 Nh5 13. Be3 Na7 14. h3 Bxf3 15. Qxf3 Nf6 16. c4 Nxb5 17. cxb5 Rac8 18. Rfc1 Bd6 19. Nb3 Ne4 20. Qe2 Rc7 21. f3 Ng3 22. Qe1 Nf5 23. Bf2 Bf4 24. Rxc7 Bxc7 25. Rc1 Qd6 26. Qe5 Qxe5 27. dxe5 Bxe5 28. Nxa5 d4 29. Nxb7 Rb8 30. Nc5 Rd8 31. Nd3 1-0


[Site "https://www.chess.com"]

[Event "Titled Tuesday Blitz May 23 Late 2023"]
[White "Antonova, Nadezhda"]
[Black "Gasparyan, David"]
[WhiteFideId "14700182"]
[BlackFideId "13311980"]
[WhiteElo "1799"]
[BlackElo "2392"]
[Result "0-1"]
[Round "03"]
[TimeControl "180+2"]
[Date "2023.05.23"]
[WhiteClock "0:00:00"]
[BlackClock "0:00:04"]

1. Nf3 Nf6 2. b3 g6 3. Bb2 Bg7 4. g3 O-O 5. Bg2 d6 6. d4 Nc6 7. O-O e5 8. dxe5 Ng4 9. c4 Ngxe5 10. Qd2 Nxf3+ 11. exf3 Bf5 12. Bxg7 Kxg7 13. Nc3 Qd7 14. Rfe1 Rae8 15. f4 Bh3 16. Bh1 f6 17. Nd5 b6 18. Qc3 Ne7 19. Nxe7 Rxe7 20. Rxe7+ Qxe7 21. Re1 Qd7 22. Qe3 Qd8 23. Bd5 Bd7 24. Qe7+ Kh8 25. Qxd8 Rxd8 26. Re7 c6 27. Bf3 Kg8 28. Re3 Kf7 29. Kf1 b5 30. Be2 bxc4 31. Bxc4+ d5 32. Be2 Bf5 33. Bf3 d4 34. Re1 d3 35. Rd1 c5 36. Ke1 Rd4 37. Kd2 c4 38. Kc3 Rd6 39. bxc4 Ra6 40. Bd5+ Ke7 41. Rd2 Ra3+ 42. Kd4 h5 43. f3 Ra4 44. Be4 Be6 45. Bxd3 h4 46. Be2 Ra5 0-1


[Site "https://www.chess.com"]

[Event "Titled Tuesday Blitz May 23 Late 2023"]
[White "Brown, Raehanna"]
[Black "Ziatdinov, Raset"]
[WhiteFideId "7402740"]
[BlackFideId "2015323"]
[WhiteElo "1655"]
[BlackElo "2220"]
[Result "1-0"]
[Round "03"]
[TimeControl "180+2"]
[Date "2023.05.23"]
[WhiteClock "0:00:07"]
[BlackClock "0:00:00"]

1. c4 Nf6 2. Nc3 g6 3. e4 d6 4. d4 Bg7 5. Be2 O-O 6. Nf3 e5 7. O-O Nc6 8. d5 Ne7 9. Ne1 Ne8 10. Be3 f5 11. f3 f4 12. Bf2 g5 13. c5 Nf6 14. a4 h5 15. a5 Kh8 16. cxd6 cxd6 17. Nb1 Rg8 18. Nc3 Bh6 19. Nb5 g4 20. Nxa7 g3 21. Bb6 gxh2+ 22. Kh1 Qf8 23. Nxc8 Nxc8 24. Bf2 Qg7 25. b4 Qg5 26. Rc1 h4 27. Rc7 Nh5 28. Qc2 Ng3+ 29. Bxg3 Qxg3 30. Bb5 Na7 31. Bd7 Rg7 32. Bg4 Rag8 33. Rxg7 Rxg7 34. Qf2 Nb5 35. Qb6 Nd4 36. Qxd6 h3 37. Bxh3 Qg5 38. Qf8+ Rg8 39. Qf7 Ne2 40. Kxh2 Qg3+ 41. Kh1 Qg5 42. Qd7 Ng3+ 43. Kg1 Nxf1 44. Kxf1 Rg7 45. Qc8+ Rg8 46. Qxb7 Qe7 47. Qxe7 1-0


[Site "https://www.chess.com"]

[Event "Titled Tuesday Blitz May 23 Late 2023"]
[White "Fuentes Godoy, Lilia Ivonne"]
[Black "KorolDimitriy75"]
[WhiteFideId "5104130"]
[WhiteElo "2096"]
[BlackElo "2389"]
[Result "1/2-1/2"]
[Round "03"]
[TimeControl "180+2"]
[Date "2023.05.23"]
[WhiteClock "0:00:13"]
[BlackClock "0:00:12"]

1. d4 Nf6 2. c4 c5 3. d5 b5 4. cxb5 a6 5. bxa6 g6 6. Nc3 Bxa6 7. e4 Bxf1 8. Kxf1 d6 9. Nf3 Bg7 10. g3 O-O 11. Kg2 Nbd7 12. a4 Qb8 13. Ra3 Qb4 14. Re1 Nb6 15. Rb3 Qa5 16. Rb5 Qa6 17. a5 Nbd7 18. Nd2 Ne8 19. Qa4 Nc7 20. Rb3 Ne5 21. Rb6 Qxa5 22. Qxa5 Rxa5 23. Rb7 Rc8 24. Nb3 Raa8 25. Bg5 Kf8 26. Ra1 Rxa1 27. Nxa1 Nd3 28. Na4 h6 29. Nb6 Rd8 30. Bd2 Na6 31. Ba5 Ke8 32. Nc2 Rb8 33. Ra7 Nab4 34. Nxb4 Nxb4 35. Nc4 Nd3 36. Bc7 Rc8 37. Nb6 Rxc7 38. Rxc7 f5 39. Rc8+ Kf7 40. Nd7 Nxb2 41. Kf1 fxe4 42. Ke2 Nd3 43. Ke3 Bd4+ 44. Kxe4 Nxf2+ 45. Kf3 Nd3 46. Rf8+ Kg7 47. Re8 Kf7 48. Rf8+ Kg7 49. Re8 Kf7 50. Rf8+ 1/2-1/2


[Site "https://www.chess.com"]

[Event "Titled Tuesday Blitz May 23 Late 2023"]
[White "Kev4444444444"]
[Black "Alimpic, Aleksa"]
[BlackFideId "974323"]
[WhiteElo "2155"]
[BlackElo "2298"]
[Result "1-0"]
[Round "03"]
[TimeControl "180+2"]
[Date "2023.05.23"]
[WhiteClock "0:00:09"]
[BlackClock "0:00:00"]

1. c4 g6 2. Nc3 Bg7 3. g3 e5 4. Bg2 d6 5. e3 f5 6. Nge2 Nf6 7. O-O O-O 8. d3 a5 9. a3 c6 10. Rb1 Be6 11. b4 axb4 12. axb4 d5 13. cxd5 cxd5 14. Qb3 Bf7 15. d4 e4 16. b5 Nbd7 17. Ba3 Re8 18. Bc5 Bf8 19. Na4 b6 20. Bxf8 Rxf8 21. Nec3 Qe7 22. Na2 Rfc8 23. Nb4 h5 24. Nc6 Qd6 25. h4 Ng4 26. Bh3 Kg7 27. Bxg4 hxg4 28. Ne5 Nxe5 29. dxe5 Qxe5 30. Nxb6 d4 31. Qb4 dxe3 32. Qb2 exf2+ 33. Rxf2 Qxb2 34. Rfxb2 Bc4 35. Nxa8 Rxa8 36. Kf2 Bd3 37. Rc1 Rb8 38. b6 Kf6 39. Ke3 Ke5 40. Rc6 Kd5 41. Rxg6 Kc5 42. Rf6 f4+ 43. Kxf4 Rb7 44. Kxg4 Ba6 45. Kf4 Re7 46. Rf5+ Kd4 47. Rf8 Bb7 48. Rd8+ Kc3 49. Re2 1-0


[Site "https://www.chess.com"]

[Event "Titled Tuesday Blitz May 23 Late 2023"]
[White "ritanovikova"]
[Black "Ammar, Sedrani"]
[BlackFideId "9312331"]
[WhiteElo "2150"]
[BlackElo "2115"]
[Result "1-0"]
[Round "03"]
[TimeControl "180+2"]
[Date "2023.05.23"]
[WhiteClock "0:00:03"]
[BlackClock "0:00:00"]

1. e4 e6 2. d4 d5 3. exd5 exd5 4. Bd3 Nc6 5. Nf3 Bd6 6. O-O Bg4 7. h3 Bh5 8. Be3 Nge7 9. Nbd2 Qd7 10. c3 Bg6 11. Nb3 Bxd3 12. Qxd3 O-O 13. Rad1 Rae8 14. Nc5 Qc8 15. Qb5 b6 16. Nd3 a6 17. Qb3 Na5 18. Qc2 Nc4 19. Bg5 f6 20. Bc1 b5 21. b3 Nb6 22. Nc5 Bxc5 23. dxc5 Nd7 24. Be3 c6 25. c4 Ne5 26. Nd2 b4 27. Bf4 N7g6 28. Bg3 d4 29. Ne4 d3 30. Rxd3 Nxd3 31. Qxd3 Qf5 32. f3 Rd8 33. Qe3 Rfe8 34. Qf2 h5 35. Nd6 Qd3 36. Nxe8 Rxe8 37. Bd6 h4 38. Re1 Rxe1+ 39. Qxe1 Kh7 40. f4 Qd4+ 41. Kh2 f5 42. Qe2 Nxf4 43. Qf3 g5 44. Bxf4 Qxf4+ 45. Qxf4 gxf4 46. Kg1 Kg6 47. Kf2 Kf6 48. Ke2 Ke6 49. Kf2 Ke5 50. Kf3 a5 51. Kf2 Ke4 52. Ke2 Kd4 53. Kf3 Ke5 54. Kf2 Kd4 55. Kf3 Kc3 56. Kxf4 Kb2 57. g4 fxg4 58. hxg4 Kxa2 59. g5 a4 60. bxa4 b3 61. g6 b2 62. g7 b1=Q 63. g8=Q Qc1+ 64. Ke5 Qe3+ 65. Kd6 h3 66. Qh7 Qd2+ 67. Kxc6 h2 68. Kc7 Qg2 69. c6 h1=Q 70. Qxh1 Qxh1 71. Kd7 Qh7+ 72. Kc8 Qg8+ 73. Kb7 Qxc4 74. c7 Qd5+ 75. Kb8 Qd6 76. Kb7 Qb4+ 77. Ka8 Qa5+ 78. Kb7 Qd5+ 79. Kb8 Qd6 80. Kb7 Qe7 81. Kb8 Qb4+ 82. Ka7 Qa5+ 83. Kb8 Qb6+ 84. Kc8 Ka3 85. Kd7 Qd4+ 86. Kc8 Kb4 87. Kb7 Qd7 88. Kb8 Qd6 89. Kb7 Qd5+ 90. Kb8 Qe5 91. Kb7 Qe4+ 92. Kb8 Qe5 93. Kb7 Qg7 94. Kb8 Ka5 95. Kb7 1-0


[Site "https://www.chess.com"]

[Event "Titled Tuesday Blitz May 23 Late 2023"]
[White "Davidson, Kevin"]
[Black "Djordjevic, Dejan N"]
[WhiteFideId "2056810"]
[BlackFideId "913316"]
[WhiteElo "2151"]
[BlackElo "2261"]
[Result "0-1"]
[Round "03"]
[TimeControl "180+2"]
[Date "2023.05.23"]
[WhiteClock "0:00:00"]
[BlackClock "0:00:18"]

1. e4 c5 2. Nf3 Nc6 3. d4 cxd4 4. Nxd4 Nf6 5. Nc3 Qb6 6. Nb3 e6 7. Bd3 a6 8. O-O d6 9. Kh1 Be7 10. f4 O-O 11. Qf3 Qc7 12. a3 b5 13. Be3 Rb8 14. Qg3 b4 15. axb4 Nxb4 16. e5 Nxd3 17. exf6 Bxf6 18. Ne4 Be7 19. Bd4 e5 20. fxe5 Nxe5 21. Rae1 f6 22. Nc1 Qxc2 23. Bc3 Bb7 24. Re2 Qa4 25. Nf2 Bc6 26. Ncd3 Kh8 27. Nf4 Bb5 28. Ne6 Rf7 29. Re4 Qxe4 30. Nxe4 Bxf1 31. Qf2 Bc4 32. Nf4 Bf8 33. h3 Kg8 34. Qd4 Rd7 35. Nd5 Re8 36. Nd2 Bxd5 37. Qxd5+ Kh8 38. Ne4 h6 39. Kh2 f5 40. Ng3 f4 41. Nf5 f3 42. gxf3 Kh7 43. f4 Ng6 44. Qd3 Nxf4 45. Qc2 g6 46. Ng3 Re6 47. Qa4 Rf7 48. Qd4 Bg7 49. Qd2 Bxc3 50. Qxc3 h5 51. Qc8 h4 0-1


[Site "https://www.chess.com"]

[Event "Titled Tuesday Blitz May 23 Late 2023"]
[White "FromTexas54"]
[Black "Florianovitz, Derlei Alex"]
[BlackFideId "2114178"]
[WhiteElo "2369"]
[BlackElo "1953"]
[Result "1-0"]
[Round "03"]
[TimeControl "180+2"]
[Date "2023.05.23"]
[WhiteClock "0:00:04"]
[BlackClock "0:00:05"]

1. Nf3 c5 2. g3 Nc6 3. Bg2 g6 4. O-O Bg7 5. c3 e5 6. d3 Nge7 7. e4 d6 8. Nbd2 h6 9. a4 Be6 10. Nc4 O-O 11. Nfd2 d5 12. exd5 Bxd5 13. Ne4 b6 14. Ne3 Be6 15. f4 exf4 16. gxf4 Nf5 17. Qe2 Rc8 18. Qf2 Re8 19. Rd1 Bb3 20. Rd2 Nxe3 21. Qxe3 f5 22. Qg3 fxe4 23. dxe4 Qf6 24. e5 Qf7 25. Rd6 Re6 26. Rd3 Bc4 27. Rd1 Rd8 28. Be3 Ree8 29. Bxc6 Rxd1+ 30. Rxd1 Re7 31. Be4 g5 32. Rd8+ Re8 33. Rd6 Bxe5 34. Rg6+ Kf8 35. Rxh6 Bxf4 36. Rh8+ Ke7 37. Bxf4 Qxf4 38. Rxe8+ Kxe8 39. Qxf4 gxf4 40. Kf2 Ke7 41. Kf3 Kd6 42. Kxf4 Bb3 43. a5 bxa5 44. h4 Ke7 45. Ke5 a4 46. h5 Kf7 47. Bd5+ Kg7 48. Bxb3 axb3 49. Kd5 a5 50. Kxc5 a4 51. Kb4 a3 52. Kxa3 1-0


[Site "https://www.chess.com"]